 Dungeon Crawl Stone Soup version 0.22.1-1-ga44c0e5 (webtiles) character file.

116 Bodigarde the Poker (level 5, -4/41 HPs)
             Began as a Merfolk Gladiator on Nov 3, 2018.
             Slain by a centaur (5 damage)
             ... on level 3 of the Dungeon.
             The game lasted 00:07:51 (2762 turns).

Bodigarde the Poker (Merfolk Gladiator)             Turns: 2762, Time: 00:07:51

Health: -4/41      AC:  5    Str: 14    XL:     5   Next: 1%
Magic:  5/5        EV: 14    Int:  8    God:
Gold:   110        SH:  0    Dex: 16    Spells: 4/4 levels left

rFire    . . .     SeeInvis .   a - +0 trident
rCold    . . .     Gourm    .   (no shield)
rNeg     . . .     Faith    .   b - +0 leather armour
rPois    .         Spirit   .   c - +0 helmet
rElec    .         Reflect  .   (no cloak)
rCorr    .         Harm     .   p - +0 pair of gloves
MR       .....                  (no boots)
Stlth    +.........             (no amulet)
HPRegen  0.13/turn              (no ring)
MPRegen  0.09/turn              (no ring)

@: no status effects
A: change form in water, swift swim, stealthy swim
a: no special abilities


You were on level 3 of the Dungeon.
You were not hungry.

You visited 1 branch of the dungeon, and saw 3 of its levels.

You collected 110 gold pieces.

Inventory:

Hand Weapons
 a - a +0 trident (weapon)
 r - a +0 blowgun
Missiles
 e - 114 stones (quivered)
 m - 4 throwing nets
 s - 8 poisoned needles
Armour
 b - a +0 leather armour (worn)
 c - a +0 helmet (worn)
 p - a +0 pair of gloves (worn)
Scrolls
 h - a scroll of blinking {unknown}
 i - 2 scrolls of remove curse
 j - 3 scrolls of identify {unknown}
 l - a scroll of amnesia {unknown}
 o - a scroll of fog {unknown}
Potions
 d - a potion of haste {unknown}
 g - a potion of might {unknown}
 k - a potion of degeneration {unknown}
 n - a potion of cancellation {unknown}
 t - a potion of brilliance {unknown}
 u - a potion of heal wounds {unknown}
Comestibles
 f - 7 rations


   Skills:
 + Level 3.1 Fighting
 * Level 6.0 Polearms
 + Level 2.8 Throwing
 + Level 4.9 Dodging


You had 4 spell levels left.
You didn't know any spells.
Your spell library was empty.

Dungeon Overview and Level Annotations

Branches:
Dungeon (3/15)

Altars:
Fedhas
Uskayaw
Yredelemnul
Zin


Message History

You hit the centaur.
The centaur is severely wounded.
The centaur hits you.
* * * LOW HITPOINT WARNING * * *
You hit the centaur.
The centaur is severely wounded.
The centaur hits you but does no damage.
The centaur hits you!
* * * LOW HITPOINT WARNING * * *
You hit the centaur.
The centaur is almost dead.
The centaur hits you but does no damage.
You closely miss the centaur.
The centaur is almost dead.
The centaur misses you. The centaur hits you.
* * * LOW HITPOINT WARNING * * *
You hit the centaur but do no damage.
The centaur is almost dead.
The centaur hits you.
You die...

#..........................
#########.######.##....#.#
#.# #....#.#.#.### #.#
#....._..#.... #.#
#....#.####.## #.#
##.###..###.##
#.######............
##(#...........###.##
#.)(@c...............
##.#.#########....... #.#.#
#.#.#.## #.#.# #.#.#.#
#.#.#### #.#.... #.....<#
###.#.## #.#.##.# #.#.#
#.#.##.# ###.# #.##.# .##


You could see a centaur.

Vanquished Creatures
  A worker ant (D:3)
  An adder (D:2)
  2 worms
  2 dart slugs
  2 leopard geckos
  2 orcs (D:3)
  12 bats
  4 giant cockroaches
  9 goblins
  10 hobgoblins
  2 jackals (D:2)
  10 frilled lizards
  5 kobolds
  5 rats (D:1)
67 creatures vanquished.

Vanquished Creatures (others)
  A goblin (D:2)
1 creature vanquished.

Grand Total: 68 creatures vanquished

Notes
Turn   | Place    | Note
-------+----------+-------------------------------------------
     0 | D:1      | Bodigarde the Merfolk Gladiator began the quest for the
                  | Orb.
     0 | D:1      | Reached XP level 1. HP: 16/16 MP: 1/1
   149 | D:1      | Reached XP level 2. HP: 23/23 MP: 2/2
   331 | D:1      | Reached skill level 5 in Polearms
   352 | D:1      | Reached XP level 3. HP: 28/28 MP: 3/3
  1054 | D:2      | Found a hide-covered altar of Uskayaw.
  1084 | D:2      | Reached XP level 4. HP: 24/34 MP: 4/4
  1402 | D:2      | Found a blossoming altar of Fedhas.
  1967 | D:3      | Noticed a centaur
  2075 | D:3      | Found a glowing silver altar of Zin.
  2468 | D:3      | Found a basalt altar of Yredelemnul.
  2510 | D:3      | Reached skill level 6 in Polearms
  2638 | D:3      | Reached XP level 5. HP: 37/41 MP: 5/5
  2759 | D:3      | HP: 1/41 [centaur (8)]
  2762 | D:3      | Slain by a centaur

Skill      XL: |  1  2  3  4 |
---------------+-------------+-----
Polearms       | 5 6 |  6.0
Fighting       | 3 |  3.1
Throwing       | |  2.8
Dodging        | |  4.9

Action                   |  1- 3 |  4- 6 || total
-------------------------+-------+-------++-------
Melee: Trident           |   133 |    97 ||   230
Throw: Throwing net      |     3 |       ||     3
       Stone             |       |     5 ||     5
  Use: Scroll            |     1 |       ||     1
 Stab: Sleeping          |     2 |     2 ||     4
  Eat: Chunk             |       |     6 ||     6
Armor: Leather armour    |    22 |    22 ||    44
Dodge: Dodged            |    77 |    56 ||   133
